 Dungeon Crawl Stone Soup version 0.25.1-2-g60ff931df9 (webtiles) character file.

Game seed: 13702922328745025396

1855 zeroc00l the Spear-Bearer (level 9, -2/57 HPs)
             Began as a Merfolk Ice Elementalist on Nov 13, 2020.
             Killed from afar by an electric eel (3 damage)
             ... with a bolt of electricity
             ... on level 5 of the Dungeon.
             The game lasted 00:20:40 (5347 turns).

zeroc00l the Spear-Bearer (MfIE)                    Turns: 5347, Time: 00:20:41

Health: -2/57      AC:  4    Str:  7 (8)  XL:     9   Next: 12%
Magic:  11/15      EV: 16    Int: 15 (17) God:
Gold:   179        SH:  0    Dex: 18 (21) Spells: 3/18 levels left

rFire    + . .     SeeInvis +   a - +1 spear
rCold    + . .     Gourm    .   (no shield)
rNeg     . . .     Faith    .   h - +0 leather armour
rPois    +         Spirit   .   (no helmet)
rElec    +         Reflect  .   (no cloak)
rCorr    +         Harm     .   k - +0 pair of gloves
MR       +....                  (no boots)
Stlth    ++........             (no amulet)
HPRegen  0.19/turn              e - +6 ring of dexterity
MPRegen  0.14/turn              (no ring)

@: resistant, stab, flying, hasted, very quick
A: change form in water, swift swim, stealthy swim, see invisible, low mp 1,
magic resistance 1
a: no special abilities


You were on level 5 of the Dungeon.
You were very hungry.

You visited 1 branch of the dungeon, and saw 5 of its levels.

You collected 179 gold pieces.

Inventory:

Hand Weapons
 a - a +1 spear (weapon)
 b - a +2 whip of venom
 f - a +0 short sword
Armour
 g - a +2 chain mail of fire resistance
 h - a +0 leather armour (worn)
 k - a +0 pair of gloves (worn)
Jewellery
 e - a +6 ring of dexterity (left hand)
Wands
 d - a wand of flame (11)
 s - a wand of acid (11)
Scrolls
 t - a scroll of amnesia
 v - a scroll of enchant armour {unknown}
Potions
 p - a potion of cancellation {unknown}
 q - a potion of stabbing
 r - a potion of curing {unknown}
 u - a potion of ambrosia {unknown}
Comestibles
 c - 13 rations


   Skills:
 * Level 10.0 Polearms
 + Level 7.3 Dodging
 - Level 2.1 Stealth
 + Level 5.1 Spellcasting
 + Level 7.3 Ice Magic


You had 3 spell levels left.
You knew the following spells:

 Your Spells              Type           Power        Failure   Level  Hunger
a - Freeze                Ice            ####         1%          1    None
b - Frozen Ramparts       Ice            ####..       3%          3    ###....
c - Ozocubu's Armour      Chrm/Ice       ##......     16%         3    ###....
d - Summon Ice Beast      Ice/Summ       ##......     47%         4    ####...
e - Hailstorm             Conj/Ice       ##......     47%         4    ####...

Your spell library contained the following spells:

 Spells                   Type           Power        Failure   Level  Hunger


Dungeon Overview and Level Annotations

Branches:
Dungeon (5/15)
 Temple: D:4-7

Altars:
Qazlal
Ru


Innate Abilities, Weirdness & Mutations

You revert to your normal form in water.
You are very nimble and swift while swimming.
You are very stealthy in the water. (Stealth+)
You have supernaturally acute eyesight. (SInv)
Your magical capacity is low. (-10% MP)
You are resistant to hostile enchantments. (MR+)


Message History

* * * LOW HITPOINT WARNING * * *
It was a potion of degeneration.
There was something very wrong with that liquid.
You feel weakened.
You feel dopey.
You feel clumsy.
The electric eel shoots out a bolt of lightning at you!
The bolt of electricity misses you.
It was a potion of flight.
You feel very buoyant.
You fly up into the air.
The electric eel shoots out a bolt of lightning at you!
The bolt of electricity hits the electric eel.
The electric eel completely resists.
The bolt of electricity hits you. You resist.
* * * LOW HITPOINT WARNING * * *
It was a potion of mutation.
You feel extremely strange.
You feel less energetic.
Your vision sharpens.
You feel resistant to hostile enchantments.
The electric eel shoots out a bolt of lightning at you!
The bolt of electricity hits you. You resist.
You die...

####### ##≈≈≈..###
##.####..≈#####
#.##..'##≈≈≈).##
#.#.....#####..#
#.#.....##..'###
#≈#.≈.@P#.....#
#≈#..P;?#.....#
#≈#".≈≈!#.P.P≈#####
#≈#≈;.;≈#(PPP.#...#####
#≈##≈≈≈##≈...≈#...#....
##≈######≈≈.≈≈##..#.###
##..)≈≈##≈≈≈###......#
######≈#####.#..#.#.#
##≈≈..'....#....


You could see 3 electric eels.

Vanquished Creatures
  A two-headed ogre (D:5)
  A water moccasin (D:5)
  An orc warrior (D:5)
  4 ogres (D:4)
  2 centaurs (D:5)
  A howler monkey (D:5)
  3 electric eels (D:5)
  An orc wizard (D:5)
  A bullfrog skeleton (D:5)
  2 iguanas
  Ijyb (D:3)
  A worker ant (D:4)
  A hound skeleton (D:5)
  4 gnolls
  6 adders
  2 adder skeletons (D:5)
  An adder zombie (D:5)
  4 worms
  4 dart slugs
  3 leopard geckos
  4 orcs (D:5)
  3 giant cockroaches
  5 goblins
  7 hobgoblins
  14 jackals
  7 kobolds
  5 bats
  8 frilled lizards
  A jackal skeleton (D:4)
  A leopard gecko skeleton (D:4)
  8 rats
107 creatures vanquished.

Vanquished Creatures (others)
  A leopard gecko (D:2)
1 creature vanquished.

Grand Total: 108 creatures vanquished

Notes
Turn   | Place    | Note
-------+----------+-------------------------------------------
     0 | D:1      | zeroc00l the Merfolk Ice Elementalist began the quest for
                  | the Orb.
     0 | D:1      | Reached XP level 1. HP: 13/13 MP: 3/3
   227 | D:1      | Reached XP level 2. HP: 19/19 MP: 3/5
   816 | D:1      | Reached XP level 3. HP: 20/24 MP: 6/6
  1336 | D:2      | Reached skill level 1 in Polearms
  1472 | D:2      | Learned a level 3 spell: Frozen Ramparts
  1822 | D:2      | Reached skill level 2 in Polearms
  1822 | D:2      | Reached XP level 4. HP: 28/30 MP: 7/7
  1871 | D:2      | Found a stormy altar of Qazlal.
  1882 | D:2      | Learned a level 3 spell: Ozocubu's Armour
  2049 | D:2      | Reached skill level 5 in Ice Magic
  2516 | D:2      | Reached skill level 3 in Polearms
  2523 | D:2      | Reached XP level 5. HP: 26/35 MP: 2/9
  2744 | D:3      | Noticed Ijyb
  2761 | D:3      | Killed Ijyb
  3478 | D:4      | Noticed an ogre
  3495 | D:4      | Killed an ogre
  3495 | D:4      | Reached skill level 4 in Polearms
  3495 | D:4      | Reached XP level 6. HP: 41/41 MP: 6/10
  3707 | D:4      | Reached skill level 5 in Polearms
  3817 | D:4      | Reached skill level 5 in Dodging
  3817 | D:4      | Reached XP level 7. HP: 46/46 MP: 9/12
  3823 | D:4      | Learned a level 4 spell: Summon Ice Beast
  4027 | D:4      | Found a sacrificial altar of Ru.
  4061 | D:4      | Reached skill level 6 in Polearms
  4346 | D:5      | Entered Level 5 of the Dungeon
  4427 | D:5      | Reached skill level 7 in Polearms
  4432 | D:5      | Noticed a two-headed ogre
  4441 | D:5      | Killed a two-headed ogre
  4441 | D:5      | Reached skill level 9 in Polearms
  4441 | D:5      | Reached XP level 8. HP: 27/52 MP: 6/15
  4692 | D:5      | Learned a level 4 spell: Hailstorm
  4786 | D:5      | Reached XP level 9. HP: 51/57 MP: 16/16
  4886 | D:5      | Reached skill level 5 in Spellcasting
  5120 | D:5      | Reached skill level 10 in Polearms
  5346 | D:5      | HP: 1/57 [electric eel/bolt of electricity (2)]
  5347 | D:5      | Gained mutation: Your magical capacity is low. (-10% MP)
                  | [potion of mutation]
  5347 | D:5      | Gained mutation: You have supernaturally acute eyesight.
                  | (SInv) [potion of mutation]
  5347 | D:5      | Gained mutation: You are resistant to hostile enchantments.
                  | (MR+) [potion of mutation]
  5347 | D:5      | Killed from afar by an electric eel

Illustrated notes

Levels and vault maps discovered:
D:1:      scummos_arrival_forest, layout_loops_ring, minmay_misc_feat_cross,
          dk_noncrumbling_3, minmay_tetromino_s4
D:2:      layout_basic, grunt_qazlal_clouds
D:3:      layout_loops_ring, first_ration, uniq_ijyb
D:4:      layout_basic, old_standard_altar
D:5:      cheibrodos_two_vegetables, layout_loops_cross, minitemple

Skill      XL: |  1  2  3  4  5  6  7  8  9 |
---------------+----------------------------+-----
Dodging        | 3 4 5 6 7 |  7.3
Polearms       | 2 3 4 5 9 10 | 10.0
Ice Magic      | 5 6 7 |  7.3
Spellcasting   | 3 4 5 |  5.1
Stealth        | |  2.1

Action                   |  1- 3 |  4- 6 |  7- 9 || total
-------------------------+-------+-------+-------++-------
Melee: Unarmed           |     9 |       |       ||     9
       Short sword       |     7 |       |       ||     7
       Whip              |    57 |    28 |     2 ||    87
       Dagger            |     5 |       |       ||     5
       Spear             |       |    35 |    94 ||   129
       Tailslap          |       |       |     1 ||     1
 Cast: Freeze            |    22 |    25 |    17 ||    64
       Frozen Ramparts   |       |     7 |     7 ||    14
       Hailstorm         |       |       |     4 ||     4
Evoke: Wand              |       |     3 |     1 ||     4
  Use: Scroll            |       |     4 |     3 ||     7
       Potion            |       |       |     6 ||     6
 Stab: Sleeping          |     5 |     5 |     5 ||    15
  Eat: Chunk             |     3 |     7 |     5 ||    15
Armor: Robe              |     8 |       |       ||     8
       Leather armour    |    11 |     9 |    10 ||    30
Dodge: Dodged            |    75 |    62 |    46 ||   183
